 Dungeon Crawl Stone Soup version 0.28.0 (webtiles) character file.

Game seed: 16546784552487697833

165 SnakkuSnakku7 the Magician (level 5, -4/38 HPs)
             Began as a Djinni Gladiator on Feb 10, 2022.
             Splashed by a jelly's acid (8 damage)
             ... on level 3 of the Dungeon.
             The game lasted 00:03:45 (2819 turns).

SnakkuSnakku7 the Magician (Djinni Gladiator)       Turns: 2819, Time: 00:03:45

Health: -4/38      AC:  5    Str: 13    XL:     5   Next: 75%
Gold:   90         EV: 12    Int: 12    God:
                   SH:  0    Dex: 14

rFire   + + .      SeeInvis .   a - +0 quarterstaff
rCold   x . .      Faith    .   (shield currently unavailable)
rNeg    . . .      Spirit   .   b - +0 leather armour
rPois   ∞          Reflect  .   c - +0 helmet
rElec   .          Harm     .   f - +0 cloak
rCorr   .          Rampage  .   (no gloves)
Will    .....                   (boots unavailable)
Stlth   +.........              (no amulet)
HPRegen 0.12/turn               (no ring)
MPRegen 0.00/turn               (no ring)

@: flying
A: sickness immunity, fire resistance 2, cold vulnerability 1, float, innate
caster, HP casting, extra vitality 1
a: no special abilities


You were on level 3 of the Dungeon.
You visited 1 branch of the dungeon, and saw 3 of its levels.

You collected 160 gold pieces.
You spent 70 gold pieces at shops.

Inventory:

Hand Weapons
 a - a +0 quarterstaff (weapon)
Missiles
 d - 3 throwing nets
Armour
 b - a +0 leather armour (worn)
 c - a +0 helmet (worn)
 f - a +0 cloak (worn)
Scrolls
 e - a scroll of enchant weapon {unknown}
 h - 2 scrolls of enchant armour {unknown}
 k - a scroll of teleportation {unknown}
 l - a scroll of blinking {unknown}
 o - 2 scrolls of identify {unknown}
 p - a scroll of holy word {unknown}
 r - a scroll of immolation {unknown}
Potions
 g - a potion of cancellation {unknown}
 i - a potion of flight {unknown}
 j - a potion of heal wounds
 m - a potion of haste {unknown}
 n - 2 potions of attraction {unknown}
 q - a potion of degeneration {unknown}


   Skills:
 - Level 2.0 Fighting
 - Level 2.6 Staves
 - Level 1.5 Throwing
 - Level 3.2 Dodging
 + Level 3.7 Spellcasting


You had 8 spell levels left.
You knew the following spells:

 Your Spells              Type           Power      Damage    Failure   Level
a - Freeze                Ice            44%        1d6       6%          1
b - Call Imp              Summ           11%        N/A       10%         2
Your spell library was empty.

Dungeon Overview and Level Annotations

Branches:
Dungeon (3/15)

Altars:
Hepliaklqana

Shops:
D:2 [!:


Innate Abilities, Weirdness & Mutations

You are immune to sickness and miasma.
You are immune to poison.
Your flesh is very heat resistant. (rF++)
You are vulnerable to cold. (rC-)
You float through the air rather than walking.
You learn spells naturally, not from books.
Your magical power is your life essence.
You have superior vitality. (+4 MHP)


Message History

The jelly closely misses you.
Aiming: Freeze (safe; 6% risk of failure)
Press: ? - help, Q - select action, (/) - cycle Shift-Dir - straight line, f/p - jelly
Aim: a jelly (lightly wounded)
You freeze the jelly.
The jelly is lightly wounded.
The jelly closely misses you.
Aiming: Freeze (safe; 6% risk of failure)
Press: ? - help, Q - select action, (/) - cycle Shift-Dir - straight line, f/p - jelly
Aim: a jelly (lightly wounded)
You freeze the jelly.
The jelly is moderately wounded.
The jelly hits you but does no damage.
Aiming: Freeze (safe; 6% risk of failure)
Press: ? - help, Q - select action, (/) - cycle Shift-Dir - straight line, f/p - jelly
Aim: a jelly (moderately wounded)
You freeze the jelly.
The jelly is severely wounded.
The jelly hits you.
You are splashed with acid!
* * * LOW HITPOINT WARNING * * *
Things that are here:
a +0 club; 5 stones; a kobold corpse
Aiming: Freeze (safe; 6% risk of failure)
Press: ? - help, Q - select action, (/) - cycle Shift-Dir - straight line, f/p - jelly
Aim: a jelly (severely wounded)
You freeze the jelly.
The jelly is severely wounded.
* * * LOW HITPOINT WARNING * * *
The jelly closely misses you.
There is an open door here.
Aiming: Freeze (safe; 6% risk of failure)
Press: ? - help, Q - select action, (/) - cycle Shift-Dir - straight line, f/p - jelly
Aim: a jelly (severely wounded)
You freeze the jelly.
The jelly is almost dead.
* * * LOW HITPOINT WARNING * * *
The jelly hits you.
* * * LOW HITPOINT WARNING * * *
You are splashed with acid!
You die...

#####...........#########........
....'...........'.......'>.......
#####...........#..######........
##############.# #.####'## ###
#.# #.# #.# (....J##.####### #.##
#.# #†# .JP.JP#.#.#....###..# #.#
#.# ...JJ.#J#.#.....##..# #.# #.#
P.JP.P#.#'#..J.J@'..# #.# #.#
.J.JJ.#)#........').## #.# #.#
.P.P..#.#^.......'.).# #.# #.##
.÷...÷#.#.......##.#)# #.# #...
..÷P..J##......#####.# #.#######
......########## #..# #........
###### #.## #..###### #.# #..#
#.## #..#


You could see a jelly and an endoplasm.

Vanquished Creatures
  A jelly (D:3)
  Ijyb (D:2)
  A howler monkey skeleton (D:3)
  4 adders (D:3)
  A dart slug (D:3)
  An orc (D:3)
  7 ball pythons
  2 bats
  7 endoplasms
  2 giant cockroaches
  3 goblins
  4 hobgoblins
  2 quokkas
  4 frilled lizards
  15 kobolds
  6 rats
61 creatures vanquished.

Vanquished Creatures (others)
  8 toadstools (D:3)
8 creatures vanquished.

Grand Total: 69 creatures vanquished

Notes
Turn   | Place    | Note
-------+----------+-------------------------------------------
     0 | D:1      | SnakkuSnakku7 the Djinni Gladiator began the quest for the
                  | Orb.
     0 | D:1      | Reached XP level 1. HP: 18/18 MP: 0/0
   145 | D:1      | Found a faded altar of an unknown god.
   161 | D:1      | Reached skill level 1 in Spellcasting
   161 | D:1      | Reached XP level 2. HP: 23/23 MP: 0/0
   885 | D:2      | Reached XP level 3. HP: 18/28 MP: 0/0
   885 | D:2      | Learned a level 1 spell: Freeze
  1048 | D:2      | Found Olihouze's Distillery.
  1056 | D:2      | Bought a potion of heal wounds for 70 gold pieces
  1074 | D:2      | Found Qysiph's Armour Emporium.
  1084 | D:2      | Found a hazy altar of Hepliaklqana.
  1343 | D:2      | Found Jomaf's Book Shoppe.
  1546 | D:3      | Noticed Ijyb
  2357 | D:2      | Killed Ijyb
  2358 | D:2      | Reached XP level 4. HP: 33/33 MP: 0/0
  2504 | D:3      | Reached XP level 5. HP: 29/38 MP: 0/0
  2504 | D:3      | Learned a level 2 spell: Call Imp
  2819 | D:3      | Splashed by a jelly's acid

Illustrated notes

Levels and vault maps discovered:
D:1:      matt_arrival_diagonals, layout_loops_ring, serial_forest,
          infiniplex_forest_lined_3_way, infiniplex_forest_lined_1,
          infiniplex_forest_join, infiniplex_forest_lined_room_3,
          infiniplex_forest_lined_room_3, infiniplex_forest_clump_tiny,
          hellmonk_ecumenical_altar_heavens_door, kennysheep_pointless_box
D:2:      layout_basic, serial_shops, nicolae_shop_crystal,
          nicolae_shop_waterfront, shop, basic_altar
D:3:      cheibrodos_fertilizer, layout_basic, uniq_ijyb

Skill      XL: |  1  2  3  4 |
---------------+-------------+-----
Spellcasting   | 1 2 3 |  3.7
Fighting       | |  2.0
Staves         | |  2.6
Throwing       | |  1.5
Dodging        | |  3.2

Action                   |  1- 3 |  4- 6 || total
-------------------------+-------+-------++-------
Melee: Quarterstaff      |   116 |    57 ||   173
       Unarmed           |    34 |       ||    34
 Cast: Freeze            |     1 |    21 ||    22
 Stab: Sleeping          |       |     1 ||     1
Armor: Leather armour    |    40 |    21 ||    61
       Skin              |    19 |       ||    19
Dodge: Dodged            |    94 |    42 ||   136
